 Dungeon Crawl Stone Soup version 0.22-a0-284-g99d1f7439c (webtiles) character file.

1093 Infinimo the Firebug (level 8, -12/62 HPs)
             Began as a Naga Fire Elementalist on Mar 21, 2018.
             Killed from afar by thing2's ghost (15 damage)
             ... with a stone arrow
             ... on level 5 of the Dungeon.
             The game lasted 00:10:34 (4489 turns).

Infinimo the Firebug (Naga Fire Elementalist)       Turns: 4489, Time: 00:10:34

Health: -12/62     AC:  6    Str: 11    XL:     8   Next: 31%
Magic:  0/13       EV: 10    Int: 17    God:
Gold:   244        SH:  0    Dex: 12    Spells: 6/14 levels left

rFire    . . .     SeeInvis +   i - staff of conjuration
rCold    . . .     Gourm    .   (no shield)
rNeg     . . .     Faith    +   f - +2 robe
rPois    +         Spirit   .   e - +0 helmet
rElec    .         Reflect  .   (no cloak)
rCorr    .         Harm     .   (no gloves)
MR       +....                  (no barding)
Stlth    +++.......             k - amulet of faith
HPRegen  0.20/turn              p - ring of stealth
MPRegen  0.13/turn              (no ring)

@: lethally poisoned (-12 -> -14), very slow
A: large, see invisible, deformed body, poison resistance, slowness 2, slow
metabolism 1, spit poison 1, AC +2
a: Spit Poison


You were on level 5 of the Dungeon.
You were not hungry.

You visited 1 branch of the dungeon, and saw 5 of its levels.

You collected 244 gold pieces.

Inventory:

Armour
 e - a +0 helmet (worn)
 f - a +2 robe (worn)
 j - a +0 shield
 o - the +4 scale mail of Fashionability {Int+9}
   (You found it on level 4 of the Dungeon)

   It affects your intelligence (+9).
Magical Staves
 i - an uncursed staff of conjuration (weapon)
Jewellery
 k - an amulet of faith (around neck)
 p - a ring of stealth (left hand)
Wands
 l - a wand of acid (2)
Scrolls
 h - 2 scrolls of amnesia
 n - 2 scrolls of remove curse
Potions
 a - 2 potions of cancellation
 r - a potion of might {unknown}
Comestibles
 c - 7 rations
 d - 6 chunks of flesh


   Skills:
 - Level 1.5 Dodging
 - Level 3.0 Stealth
 + Level 3.9 Spellcasting
 - Level 6.1 Conjurations
 - Level 6.9 Fire Magic


You had 6 spell levels left.
You knew the following spells:

 Your Spells              Type           Power        Failure   Level  Hunger
a - Flame Tongue          Conj/Fire      #####        1%          1    None
b - Conjure Flame         Conj/Fire      #####...     3%          3    ###....
c - Sticky Flame          Conj/Fire      #####...     11%         4    ####...


Dungeon Overview and Level Annotations

Branches:
Dungeon (5/15)
 Temple: D:4-7

Altars:
Ashenzari

Annotations:
D:5 Edmund; thing2's ghost, novice NaEE


Innate Abilities, Weirdness & Mutations

You cannot wear boots.
Your serpentine skin is tough. (AC +2)
You have supernaturally acute eyesight. (SInv)
Armour fits poorly on your strangely shaped body.
Your system is resistant to poisons. (rPois)
You cover ground very slowly.
You have a slow metabolism.
You can spit poison.


Message History

The stone arrow hits you!
* * * LOW HITPOINT WARNING * * *
Thing2's ghost gestures at you while chanting.
The blast of sand hits you!
Casting: Flame Tongue (safe; 1% risk of failure)
Confirm with . or Enter, or press ? or * to list all spells.
Aiming: Flame Tongue (safe; 1% risk of failure)
Press: ? - help, Shift-Dir - straight line, f/p - thing2's ghost
Aim: thing2's ghost, wielding a weapon of venom (severely damaged)
You feel a surge of power!
The flame tongue hits thing2's ghost.
Thing2's ghost is severely damaged.
You feel sick.
Thing2's ghost is severely damaged.
Thing2's ghost hits you.
* * * LOW HITPOINT WARNING * * *
You hit thing2's ghost.
Thing2's ghost is severely damaged.
Thing2's ghost gestures at you while chanting.
The stone arrow hits you!
You die...

...........#
...........#
...........#
...........#
...........+
...........##
...####.....# #... ..
#....W# +....# .
+....@# #....# #.....#
#....#
#.....##+########....#
###+#.................
#.................
#.................
#.........<.......
#................#
#####+#.......#


You could see thing2's ghost.

Vanquished Creatures
  Grinder (D:3)
  Sigmund (D:2)
  Duvessa (D:4)
  A phantom (D:5)
  An ogre (D:5)
  Dowan (D:4)
  A howler monkey (D:4)
  A bullfrog zombie (D:5)
  2 orc wizards
  Jessica (D:3)
  Terence (D:3)
  4 worker ants
  A hound skeleton (D:5)
  5 adders
  An ooze (D:4)
  An adder skeleton (D:5)
  A worm (D:2)
  2 dart slugs
  4 leopard geckos
  6 orcs
  3 ball pythons
  4 giant cockroaches
  10 goblins
  4 hobgoblins
  6 jackals
  4 kobolds (D:1)
  2 quokkas
  11 bats
  3 frilled lizards
  6 rats
90 creatures vanquished.

Notes
Turn   | Place    | Note
-------+----------+-------------------------------------------
     0 | D:1      | Infinimo the Naga Fire Elementalist began the quest for the Orb.
     0 | D:1      | Reached XP level 1. HP: 15/15 MP: 3/3
   242 | D:1      | Reached XP level 2. HP: 21/22 MP: 5/5
   557 | D:1      | Reached XP level 3. HP: 20/28 MP: 0/6
  1351 | D:2      | Reached XP level 4. HP: 36/36 MP: 4/7
  1446 | D:2      | Noticed Sigmund
  1453 | D:2      | Killed Sigmund
  1453 | D:2      | Reached skill level 5 in Fire Magic
  1453 | D:2      | Reached XP level 5. HP: 36/42 MP: 1/8
  1531 | D:2      | Reached XP level 6. HP: 49/49 MP: 6/9
  2292 | D:3      | Noticed Grinder
  2295 | D:3      | Noticed Jessica
  2298 | D:3      | Killed Grinder
  2298 | D:3      | Reached skill level 5 in Conjurations
  2298 | D:3      | Reached XP level 7. HP: 27/55 MP: 4/10
  2301 | D:3      | Killed Jessica
  2485 | D:3      | Noticed Terence
  2496 | D:3      | Killed Terence
  2840 | D:3      | Found a shattered altar of Ashenzari.
  3024 | D:3      | Learned a level 3 spell: Conjure Flame
  3029 | D:3      | Learned a level 4 spell: Sticky Flame
  3263 | D:4      | Got a translucent scale mail
  3274 | D:4      | Identified the +4 scale mail of Fashionability {Int+9} (You found it on level 4 of the Dungeon)
  3325 | D:4      | Noticed Duvessa
  3327 | D:4      | Noticed Dowan
  3701 | D:4      | Killed Duvessa
  3912 | D:4      | Killed Dowan
  3956 | D:5      | Entered Level 5 of the Dungeon
  3984 | D:5      | Reached XP level 8. HP: 59/62 MP: 8/11
  4317 | D:5      | Noticed thing2's ghost (novice NaEE)
  4333 | D:5      | Noticed Edmund
  4341 | D:5      | HP: 3/62 [thing2's ghost (4)]
  4488 | D:5      | HP: 3/62 [thing2's ghost (2)]
  4489 | D:5      | Killed from afar by thing2's ghost

Vault maps used:
D:1:      tarquinn_simple_flora_water_f
D:2:      first_ration, uniq_sigmund
D:3:      nicolae_ashenzari_panopticon, uniq_terence, uniq_jessica, uniq_grinder
D:4:      kennysheep_potato, uniq_duvessa
D:5:      minmay_temple_entry_statues_fountains, uniq_edmund

Skill      XL: |  1  2  3  4  5  6  7  8 |
---------------+-------------------------+-----
Conjurations   | 2 4 5 6 |  6.1
Fire Magic     | 4 5 6 |  6.9
Spellcasting   | 3 |  3.9
Dodging        | |  1.5
Stealth        | |  3.0

Action                   |  1- 3 |  4- 6 |  7- 9 || total
-------------------------+-------+-------+-------++-------
Melee: Unarmed           |     6 |       |       ||     6
       Dagger            |    18 |       |       ||    18
       Staff             |       |       |     2 ||     2
 Cast: Flame Tongue      |    41 |    23 |   129 ||   193
 Abil: Spit Poison       |    19 |    11 |    17 ||    47
  Use: Scroll            |       |     4 |     7 ||    11
       Potion            |       |       |     4 ||     4
  Eat: Chunk             |     2 |     3 |     8 ||    13
Armor: Robe              |    11 |     2 |    27 ||    40
       Scale mail        |       |       |     3 ||     3
Dodge: Dodged            |    39 |     4 |    30 ||    73

Table legend:
 A = Spawn XP
 B = Non-spawn XP
 C = Spawn XP percentage of total XP
 D = Spawn monster count
 E = Non-spawn monster count
 F = Spawn count percentage of total count
 G = Total turns spent on level
                    A         B        C        D         E        F      G
               +---------+---------+-------+---------+---------+-------+---------
         Total |       0 |    1562 |   0.0 |       0 |      90 |   0.0 |  4489
               +---------+---------+-------+---------+---------+-------+---------
           D:1 |       0 |      52 |   0.0 |       0 |      31 |   0.0 |  1055
           D:2 |       0 |     341 |   0.0 |       0 |      17 |   0.0 |  1237
           D:3 |       0 |     426 |   0.0 |       0 |      20 |   0.0 |  1176
           D:4 |       0 |     364 |   0.0 |       0 |      13 |   0.0 |   488
           D:5 |       0 |     379 |   0.0 |       0 |       9 |   0.0 |   533
               +---------+---------+-------+---------+---------+-------+---------
